 Dungeon Crawl Stone Soup version 0.29-a0-352-g0917bc69df (webtiles) character file.

Game seed: 10762454950316029070

42 drugrobin the Skirmisher (level 3, 0/31 HPs)
             Began as a Demigod Fighter on Apr 24, 2022.
             Slain by an iguana (1 damage)
             ... on level 2 of the Dungeon.
             The game lasted 00:02:45 (1649 turns).

drugrobin the Skirmisher (Demigod Fighter)          Turns: 1649, Time: 00:02:46

Health: 0/31       AC:  6    Str: 21    XL:     3   Next: 19%
Magic:  5/5        EV:  9    Int: 10    God:
Gold:   146        SH:  4    Dex: 13    Spells: 2/2 levels left

rFire   . . .      SeeInvis .   a - +0 war axe
rCold   . . .      Faith    .   c - +0 buckler
rNeg    . . .      Spirit   .   b - +0 scale mail
rPois   .          Reflect  .   (no helmet)
rElec   .          Harm     .   (no cloak)
rCorr   .          Rampage  .   (no gloves)
Will    .....                   (no boots)
Stlth   ..........              (no amulet)
HPRegen 0.10/turn               (no ring)
MPRegen 0.09/turn               (no ring)

@: no status effects
A: high MP 1, forlorn, divine attributes
a: no special abilities


You were on level 2 of the Dungeon.
You visited 1 branch of the dungeon, and saw 2 of its levels.

You collected 146 gold pieces.

Inventory:

Hand Weapons
 a - a +0 war axe (weapon)
Armour
 b - a +0 scale mail (worn)
 c - a +0 buckler (worn)
Scrolls
 e - 2 scrolls of magic mapping {unknown}
 g - a scroll of holy word {unknown}
 h - 2 scrolls of teleportation {unknown}
 i - 2 scrolls of blinking {unknown}
 j - 2 scrolls of identify {unknown}
Potions
 d - a potion of might
 f - a potion of flight {unknown}
 k - a potion of brilliance {unknown}
 l - a potion of heal wounds {unknown}


   Skills:
 + Level 3.1 Fighting
 * Level 3.0 Axes
 - Level 2.6 Armour
 - Level 2.6 Shields


You had 2 spell levels left.
You didn't know any spells.
Your spell library contained the following spells:

 Spells                   Type           Power      Damage    Failure   Level
 Sting                    Tmut/Pois      0%         1d3       80%         1
 Poisonous Vapours        Pois/Air       0%         N/A       91%         2
 Olgreb's Toxic Radiance  Pois           0%         N/A       100%        4


Dungeon Overview and Level Annotations

Branches:
Dungeon (2/15)

Shops:
D:2 :


Innate Abilities, Weirdness & Mutations

You have an increased reservoir of magic. (+10% MP)
You shall have no god before yourself.
Your divine heritage dramatically boosts your attributes as you level up.


Message History

a +0 hunting sling; a +0 hunting sling; a goblin corpse
Things that are here:
a +0 hunting sling; a +0 hunting sling; a goblin corpse A dart slug comes into view.
The dart slug launches a dart at you. The slug dart hits you.
Unknown command.
The dart slug launches a dart at you. The slug dart hits you.
The dart slug barely misses you.
You slash the dart slug!
The dart slug is almost dead.
You hit the dart slug.
You kill the dart slug!
You see here a dart slug corpse.
Found 5 poisoned darts.
An iguana comes into view.
The iguana hisses angrily.
Unknown command.
Okay, then.
Unknown command.
Unknown command.
You hit the iguana.
The iguana is lightly wounded.
The iguana bites you! The iguana bites you.
You hit the iguana.
The iguana is heavily wounded.
The iguana bites you!
You barely miss the iguana.
The iguana is heavily wounded.
The iguana closely misses you. The iguana bites you!
* * * LOW HITPOINT WARNING * * *
Unknown command.
Unknown command.
Unknown command.
Unknown command.
You closely miss the iguana.
The iguana is moderately wounded.
The iguana bites you.
You die...

..######
#................... #.#
#.####.###.#.###.#.# #.#
#####.####.##.<......#
#.####........#.#......#..#
#.#........##..........# .#
..#.#............#..##.# #
### #..##.#.####.#....[..
#.....#.####.#.......#
#.##..#.#...@....# .## #
#..#.#...l....#
.....#........#
##.####...........
#.......###. #(......#
#.......# #########


You could see an iguana.

Vanquished Creatures
  A dart slug (D:2)
  3 ball pythons (D:1)
  2 bats
  4 endoplasms
  3 goblins
  6 hobgoblins
  2 jackals (D:1)
  3 quokkas (D:1)
  3 frilled lizards (D:1)
  4 kobolds (D:1)
  3 rats (D:1)
34 creatures vanquished.

Vanquished Creatures (others)
  A plant (D:1)
1 creature vanquished.

Grand Total: 35 creatures vanquished

Notes
Turn   | Place    | Note
-------+----------+-------------------------------------------
     0 | D:1      | drugrobin the Demigod Fighter began the quest for the Orb.
     0 | D:1      | Reached XP level 1. HP: 18/18 MP: 3/3
   268 | D:1      | Reached XP level 2. HP: 25/25 MP: 4/4
   960 | D:1      | Reached XP level 3. HP: 28/31 MP: 5/5
  1416 | D:2      | Found Gyukui's Book Shoppe.
  1648 | D:2      | HP: 1/31 [iguana (10)]
  1649 | D:2      | Slain by an iguana

Illustrated notes

Levels and vault maps discovered:
D:1:      tarquinn_simple_flora_water_d, layout_basic,
          chequers_ecumenical_altar_lobes
D:2:      layout_loops_cross, basic_altar, serial_shops, shop_coins

Skill      XL: |  1  2  3 |
---------------+----------+-----
Axes           | 2 3 |  3.0
Fighting       | 3 |  3.1
Armour         | |  2.6
Shields        | |  2.6

Action                   || total
-------------------------++-------
Melee: War axe           ||    93
Armor: Scale mail        ||    57
Dodge: Dodged            ||    29
Block: Buckler           ||    23

Table legend: (Time is in decaauts)
 A = Elapsed time spent in this place.
 B = Non-inter-level travel time spent in this place.
 C = Inter-level travel time spent in this place.
 D = Time resting spent in this place.
 E = Time spent auto-exploring this place.
 F = Levels seen in this place.
 G = Mean time per level.
                   A        B        C        D        E       F      G
               +--------+--------+--------+--------+--------+-----+--------+
         Total |   1688 |   1648 |     40 |      0 |   1248 |   2 |  844.0 |
       Dungeon |   1688 |   1648 |     40 |      0 |   1248 |   2 |  844.0 |
               +--------+--------+--------+--------+--------+-----+--------+

Top non-repeatable levels by time:
     D:1: 1248 daAuts
     D:2: 439 daAuts
